 Adventure DCSS version bcrawl-1.27.3 (webtiles) character file.

Game seed: 17418951422326750776

247443 galech the Cleaver (level 9, 71/71 HPs)
             Began as a Demonspawn Fighter on Aug 3, 2020.
             Was a Priest of Okawaru.
             Quit the game on level 8 of the Dungeon.
             The game lasted 00:09:22 (6544 turns).

galech the Cleaver (Demonspawn Fighter)             Turns: 6544, Time: 00:09:23

Health: 71/71      AC: 13    Str: 18    XL:     9   Next: 10%
Magic:  9/9        EV:  5    Int:  9    God:    Okawaru [***...]
Gold:   396        SH: 10    Dex: 15    Spells: 8/8 levels left
                                        Lives:  1   Deaths: 1

rFire    . . .     SeeInvis .   a - +0 war axe
rCold    . . .     Gourm    .   c - +0 medium shield
rNeg     . . .     Faith    .   f - +0 chain mail
rPois    .         Spirit   +   (helmet restricted)
rElec    .         Reflect  .   (no cloak)
rCorr    .         Harm     .   (no gloves)
MR       .....                  (no boots)
Stlth    ..........             (no amulet)
HPRegen  0.21/turn              (no ring)
MPRegen  0.11/turn              (no ring)

@: no status effects
A: antennae 1, slimy green scales 2, nightstalker 1, magic shield
a: Heroism, Renounce Religion


You were on level 8 of the Dungeon.
You worshipped Okawaru.
Okawaru was most pleased with you.
You were not hungry.

You visited 2 branches of the dungeon, and saw 9 of its levels.

You collected 546 gold pieces.
You spent 150 gold pieces at shops.

Inventory:

Hand Weapons
 a - a +0 war axe (weapon)
Armour
 c - a +0 medium shield (worn)
 f - a +0 chain mail (worn)
 w - a +0 pair of boots
Jewellery
 d - an uncursed ring of fire
Wands
 h - a wand of polymorph (11)
 k - a wand of paralysis (13)
 t - a wand of iceblast (8)
 u - a wand of random effects (5)
Scrolls
 b - a scroll of immolation {unknown}
 g - 2 scrolls of enchant weapon
 i - 3 scrolls of remove curse
 l - a scroll of teleportation
 m - a scroll of magic mapping
 n - 2 scrolls of amnesia {unknown}
 q - 4 scrolls of identify
 y - a scroll of enchant armour
Potions
 j - a potion of haste {unknown}
 o - 2 potions of agility {unknown}
 p - a potion of mutation {unknown}
 r - 2 potions of brilliance {unknown}
 s - 2 potions of might
 v - 3 potions of curing
 x - a potion of cancellation {unknown}
Comestibles
 e - 19 rations {!d}


   Skills:
 + Level 6.9 Fighting
 + Level 8.5 Axes
 + Level 6.6 Armour
 + Level 2.2 Dodging
 + Level 1.0 Stealth
 + Level 6.5 Shields
 + Level 0.7 Invocations


You had 8 spell levels left.
You didn't know any spells.
Your spell library contained the following spells:

 Spells                   Type           Power        Failure   Level  Hunger
 Corona                   Hex            #......      100%        1    None
 Ensorcelled Hibernation  Hex/Ice        #.....       100%        2    ####...
 Confuse                  Hex            #.......     100%        3    #####..
 Dazzling Orbs            Conj/Hex       #......      100%        3    #####..
 Tukima's Dance           Hex            #.......     100%        3    #####..


Dungeon Overview and Level Annotations

Branches:
Dungeon (8/12)             Temple (1/1) D:5
   Lair: D:7-9          Orc: D:8-11

Altars:
Ashenzari
Cheibriados
Elyvilon
Gozag
Makhleb
Nemelex Xobeh
Okawaru
Qazlal
Ru
Trog
Uskayaw
Vehumet
Wu Jian
Zin

Shops:
D:7 *


Innate Abilities, Weirdness & Mutations

You have a pair of small antennae on your head.
You are mostly covered in slimy green scales. (AC +3)
You are slightly more attuned to the shadows.
When hurt, damage is shared between your health and your magic reserves.


Message History

No path to travel!
The kobold throws a stone.
You block the stone.
The porcupine twitches its whiskers.
As you read the scroll of teleportation, it crumbles to dust.
You feel strangely unstable.
The porcupine bites you but does no damage.
The porcupine bites you!
* * * LOW HITPOINT WARNING * * *
Your surroundings suddenly seem different.
A centaur comes into view.
The centaur shouts!
The centaur wields a +0 shortbow.
The centaur shoots an arrow.
The arrow hits you but does no damage.
A porcupine comes into view.
The centaur shoots an arrow.
The arrow hits you.
You die...
Xom reaches out...
You are now level 9!
You rejoin the land of the living...
Are you sure you want to abandon this character and quit the game? (Confirm with "yes".)

....P..P
#..P..PP
#.......
#.P..PP.
#..PPP.P
#...PPP.P
#@..P....
#P..P.P..
#F....P.P
#......PP
#))†.P..P
##?#....
.P. #K##.##
P.. #.# .#
#.#
#####r##.##
#.#.


You could see a bullfrog (wandering) and a kobold (wandering).

Vanquished Creatures
  A skeletal warrior (D:7)
  Pikel (D:3)
  A spriggan (D:7)
  2 yaks (D:8)
  Eustachio (D:5)
  2 orc warriors (D:7)
  3 sky beasts
  An ogre (D:5)
  4 bullfrogs
  A big kobold (D:8)
  2 scorpions (D:4)
  A howler monkey (D:5)
  4 centaur zombies
  A bullfrog zombie (D:5)
  A quasit (D:7)
  4 hounds
  5 orc priests
  A bullfrog skeleton (D:5)
  6 orc wizards
  Jessica (D:3)
  A centaur skeleton (D:5)
  An iguana (D:5)
  Ijyb (D:5)
  5 worker ants
  9 adders
  A howler monkey skeleton (D:4)
  A shadow imp (D:5)
  A worm (D:5)
  4 dart slugs
  5 leopard geckos
  15 orcs
  7 bats
  4 giant cockroaches
  2 goblins (D:1)
  6 hobgoblins
  9 jackals
  16 kobolds
  A quokka (D:7)
  A frilled lizard (D:3)
  A jackal zombie (D:7)
  3 rats
137 creatures vanquished.

Vanquished Creatures (others)
  A bullfrog skeleton (D:4)
  A worker ant (D:4)
  2 adders (D:4)
  9 fungi (D:8)
  2 plants (D:8)
15 creatures vanquished.

Grand Total: 152 creatures vanquished

Notes
Turn   | Place    | Note
-------+----------+-------------------------------------------
     0 | D:1      | galech the Demonspawn Fighter began the quest for the Orb.
     0 | D:1      | Reached XP level 1. HP: 18/18 MP: 1/1
   110 | D:1      | Gained mutation: When hurt, damage is shared between your
                  | health and your magic reserves. [demonic ancestry]
   110 | D:1      | Reached XP level 2. HP: 22/24 MP: 2/2
   494 | D:1      | Gained mutation: You are partially covered in slimy green
                  | scales. (AC +2) [demonic ancestry]
   494 | D:1      | Reached XP level 3. HP: 24/29 MP: 3/3
   670 | D:2      | Reached skill level 2 in Axes
   838 | D:2      | Found a glowing silver altar of Zin.
  1057 | D:2      | Found a snail-covered altar of Cheibriados.
  1339 | D:3      | Found an ornate altar of the Wu Jian Council.
  1501 | D:3      | Reached skill level 3 in Axes
  1501 | D:3      | Reached XP level 4. HP: 6/35 MP: 1/4
  1504 | D:3      | HP: 1/35 [poisoned by an orc]
  1509 | D:3      | HP: 1/35 [orc wizard/magic dart (5)]
  1512 | D:3      | Gained mutation: You have a pair of small antennae on your
                  | head. [demonic ancestry]
  1512 | D:3      | Reached XP level 5. HP: 9/41 MP: 0/5
  1713 | D:3      | Noticed Jessica
  1717 | D:3      | Killed Jessica
  2272 | D:4      | Gained mutation: You are mostly covered in slimy green
                  | scales. (AC +3) [demonic ancestry]
  2272 | D:4      | Reached XP level 6. HP: 47/47 MP: 6/6
  2303 | D:4      | Reached skill level 4 in Axes
  2427 | D:4      | Noticed a sky beast
  2432 | D:4      | Noticed Pikel
  2433 | D:4      | Noticed a slave
  2443 | D:3      | Killed a sky beast
  2528 | D:3      | Killed Pikel
  2528 | D:3      | Reached skill level 5 in Axes
  2528 | D:3      | Reached skill level 1 in Dodging
  2528 | D:3      | Reached XP level 7. HP: 14/54 MP: 3/7
  2729 | D:4      | Found a stormy altar of Qazlal.
  2753 | D:4      | Found a burning altar of Makhleb.
  2916 | D:4      | Found an opulent altar of Gozag.
  3078 | D:4      | Reached XP level 8. HP: 57/61 MP: 6/8
  3153 | D:5      | Entered Level 5 of the Dungeon
  3212 | D:5      | Reached skill level 6 in Axes
  3295 | D:5      | Found a white marble altar of Elyvilon.
  3314 | D:5      | Reached skill level 5 in Armour
  3386 | D:5      | Noticed Ijyb
  3400 | D:5      | Killed Ijyb
  3549 | D:5      | Reached skill level 5 in Shields
  3556 | D:5      | Found a staircase to the Ecumenical Temple.
  3563 | Temple   | Entered the Ecumenical Temple
  3606 | Temple   | Became a worshipper of Warmaster Okawaru
  3627 | D:5      | Noticed Eustachio
  3780 | D:5      | Killed Eustachio
  3913 | D:5      | Found a sparkling altar of Nemelex Xobeh.
  4453 | D:6      | Reached skill level 5 in Fighting
  4510 | D:6      | Reached skill level 1 in Stealth
  4715 | D:6      | Found a bloodstained altar of Trog.
  4809 | D:6      | Found a radiant altar of Vehumet.
  4897 | D:7      | Found Vohenu's General Store.
  4910 | D:7      | Reached * piety under Okawaru
  4910 | D:7      | Reached skill level 7 in Axes
  4910 | D:7      | Gained mutation: You are slightly more attuned to the
                  | shadows. [demonic ancestry]
  4910 | D:7      | Reached XP level 9. HP: 58/68 MP: 9/9
  4952 | D:7      | Bought a scroll of enchant armour for 75 gold pieces
  4952 | D:7      | Bought a scroll of enchant weapon for 75 gold pieces
  5304 | D:7      | Noticed a skeletal warrior
  5317 | D:7      | Killed a skeletal warrior
  5317 | D:7      | Reached ** piety under Okawaru
  5577 | D:7      | Reached skill level 8 in Axes
  5828 | D:7      | Found a hide-covered altar of Uskayaw.
  5828 | D:7      | Found a shattered altar of Ashenzari.
  6471 | D:8      | Reached *** piety under Okawaru
  6525 | D:8      | Reached XP level 10. HP: 55/77 MP: 6/10
  6539 | D:8      | HP: 1/77 [porcupine (7)]
  6543 | D:8      | Shot with an arrow by a centaur
  6544 | D:8      | Reached XP level 9. HP: 0/71 MP: 0/9
  6544 | D:8      | Quit the game

Skill      XL: |  1  2  3  4  5  6  7  8  9 |
---------------+----------------------------+-----
Armour         | 3 4 5 6 |  6.6
Shields        | 3 4 5 6 |  6.5
Axes           | 3 5 7 8 |  8.5
Fighting       | 4 5 6 |  6.9
Dodging        | 1 2 |  2.2
Stealth        | 1 |  1.0
Invocations    | |  0.7

Action                   |  1- 3 |  4- 6 |  7- 9 | 10-12 || total
-------------------------+-------+-------+-------+-------++-------
Melee: War axe           |   100 |   161 |   395 |    11 ||   667
       Unarmed           |       |       |     2 |       ||     2
Invok: Heroism           |       |       |     4 |       ||     4
  Use: Potion            |     1 |     3 |     2 |       ||     6
       Scroll            |       |       |     5 |     1 ||     6
  Eat: Chunk             |     5 |     9 |    24 |       ||    38
       Ration            |       |       |     1 |       ||     1
Armor: Scale mail        |    86 |       |       |       ||    86
       Chain mail        |     5 |   139 |   263 |    16 ||   423
Dodge: Dodged            |    33 |    25 |    92 |     6 ||   156
Block: Medium shield     |    75 |    94 |   224 |    18 ||   411
